 Dungeon Crawl Stone Soup version 0.18-a0-1372-gd644665 (webtiles) character file.

120 HEYYEYAAE the Digger (level 5, 0/38 HPs)
             Began as a Human Earth Elementalist on Feb 21, 2016.
             Slain by a giant gecko (1 damage)
             ... on level 3 of the Dungeon.
             The game lasted 00:03:39 (2935 turns).

HEYYEYAAE the Digger (Human Earth Elementalist)     Turns: 2935, Time: 00:03:39

Health: 0/38       AC:  3    Str:  9    XL:     5   Next: 25%
Magic:  8/8        EV: 13    Int: 16    God:
Gold:   116        SH:  0    Dex: 13    Spells: 1 memorised, 7 levels left

rFire  . . .     SeeInvis .     o - +1 dagger (drain)
rCold  . . .     Gourm    .     a - +0 robe
rNeg   . . .     Faith    .     (no shield)
rPois  .         Spirit   .     (no helmet)
rElec  .         Dismiss  .     (no cloak)
rCorr  .         Reflect  .     e - +0 pair of gloves
SustAt .         Harm     .     (no boots)
MR     .....                    (no amulet)
Stlth  +.........               (no ring)
                                (no ring)

@: not resistant to hostile enchantments, very unstealthy
A: no striking features
a: no special abilities


You were on level 3 of the Dungeon.
You were hungry.

You visited 1 branch of the dungeon, and saw 3 of its levels.

You collected 116 gold pieces.

Inventory:

Hand Weapons
 o - a +1 dagger of draining (weapon)
 s - a +3 long sword of holy wrath
 u - a cursed -1 short sword
Missiles
 b - 44 stones (quivered)
Armour
 a - a +0 robe (worn)
 e - a +0 pair of gloves (worn)
Scrolls
 f - a scroll of immolation {unknown}
 h - a scroll of fog {unknown}
 j - a scroll of identify {unknown}
 k - 3 scrolls of noise {unknown}
 l - 3 scrolls of teleportation {unknown}
 m - a scroll of enchant weapon {unknown}
 n - 2 scrolls of remove curse {unknown}
Potions
 p - a potion of curing {unknown}
 q - a potion of mutation {unknown}
 r - 2 potions of degeneration {unknown}
 t - a potion of flight {unknown}
Books
 c - a book of Geomancy

   Spells                             Type                      Level
   a - Sandblast                      Earth                        1
   b - Passwall                       Transmutation/Earth          2
   c - Stone Arrow                    Conjuration/Earth            3
   d - Petrify                        Transmutation/Earth          4
   e - Lee's Rapid Deconstruction     Earth                        5
Comestibles
 d - 4 bread rations
 g - 3 beef jerkies
 i - 2 slices of pizza


   Skills:
 + Level 1.7 Fighting
 + Level 1.6 Armour
 + Level 2.8 Dodging
 - Level 2.0 Stealth
 + Level 2.4 Spellcasting
   Level 1.0 Transmutations
 * Level 3.9 Earth Magic


You had 7 spell levels left.
You knew the following spells:

 Your Spells              Type           Power        Failure   Level  Hunger
a - Sandblast             Erth           ##....       4%          1    #......


Dungeon Overview and Level Annotations

Branches:
Dungeon (3/15)

Altars:

Portals:
Sewer: D:3


Message History

The river rat bites you.
* * * LOW HITPOINT WARNING * * *
You are too injured to fight recklessly!
You are too injured to fight recklessly!
You are too injured to fight recklessly!
You are too injured to fight recklessly!
You are too injured to fight recklessly!
You are too injured to fight recklessly!
You are too injured to fight recklessly!
Unknown command.
The giant gecko closely misses you. The giant gecko bites you.
* * * LOW HITPOINT WARNING * * *
The river rat bites you.
* * * LOW HITPOINT WARNING * * *
The giant gecko barely misses you. The giant gecko bites you.
* * * LOW HITPOINT WARNING * * *
The river rat bites you.
* * * LOW HITPOINT WARNING * * *
The giant gecko bites you.
You die...

..# #........#.##.#.##.#
### #÷#.######.##......#
####.#.#### #.......###
#...)#....###.##.#..#
#.#######..##.......##
#..†.#......#.##.....#
##(##<#..##).########.#
......#..##.##≈######≈##
##.##.......#≈≈≈@r≈#≈≈≈#
##.####..#..#≈≈≈#l≈#≈≈≈#
##.......#..##†##≈≈##≈##
#######......#≈#≈≈≈≈#≈#
# #......##≈#≈∩≈≈#≈# #
####.#######≈##≈≈##≈## #
#.......# #≈≈≈####≈≈≈#
###.......# #≈≈≈≈†≈≈≈≈≈#
..#.......# ##≈######≈##


You could see a river rat and a giant gecko.

Vanquished Creatures
  4 adders
  2 worms
  2 giant geckos (D:3)
  An orc (D:3)
  2 giant cockroaches
  15 goblins
  10 hobgoblins
  4 jackals (D:1)
  A quokka (D:2)
  5 bats
  4 giant newts
  7 kobolds
  14 rats
71 creatures vanquished.

Notes
Turn   | Place    | Note
--------------------------------------------------------------
     0 | D:1      | HEYYEYAAE the Human Earth Elementalist began the quest for the Orb.
     0 | D:1      | Reached XP level 1. HP: 13/13 MP: 3/3
   202 | D:1      | Reached XP level 2. HP: 19/19 MP: 3/5
   488 | D:1      | HP: 1/20 [goblin/club (4)]
   489 | D:1      | Reached skill level 1 in Armour
  1155 | D:1      | Reached XP level 3. HP: 25/25 MP: 4/6
  1422 | D:2      | Reached skill level 1 in Fighting
  1727 | D:2      | Reached XP level 4. HP: 23/32 MP: 7/7
  2601 | D:3      | Reached XP level 5. HP: 37/37 MP: 8/8
  2920 | D:3      | Found a glowing drain.
  2935 | D:3      | HP: 1/38 [river rat (4)]
  2935 | D:3      | Slain by a giant gecko

Vault maps used:
D:1:      dpeg_arrival_tiny_i
D:2:      forest_paths, first_bread, kennysheep_generic_room_13
D:3:      nicolae_overflow_hidden_temple, gup_sewer_entry_bubbles

Action                   |  1- 3 |  4- 6 || total
-------------------------+-------+-------++-------
Melee: Dagger            |    42 |   127 ||   169
 Cast: Sandblast         |    46 |    15 ||    61
 Stab: Sleeping          |       |     6 ||     6
  Eat: Chunk             |     3 |     4 ||     7
